 Dungeon Crawl Stone Soup version 0.31-a0-1-g4198be8af4 (webtiles) character file.

Game seed: 13214581665898682661

462 FlurksSlurper the Sneak (level 6, -9/46 HPs)
             Began as a Demonspawn Brigand on May 1, 2023.
             Splashed by a jelly's acid (10 damage)
             ... on level 4 of the Dungeon.
             The game lasted 00:06:35 (2889 turns).

FlurksSlurper the Sneak (Demonspawn Brigand)        Turns: 2889, Time: 00:06:37

Health: -9/46      AC: -5    Str: 11 (12) XL:     6   Next: 79%
Magic:  9/9        EV:  6    Int: 13 (14) God:
Gold:   192        SH:  0    Dex: 13 (14) Spells: 9/9 levels left

rFire   . . .        w - +3 scythe (venom)
rCold   . . .        (shield currently unavailable)
rNeg    . . .        h - +0 chain mail
rPois   .            (helmet restricted)
rElec   .            c - +0 cloak
rCorr   .            (no gloves)
SInv    .            q - +0 pair of boots
Will    .....        (no amulet) Stlth
                     (no ring)
HPRegen 0.27/turn    (no ring)
MPRegen 0.22/turn

%: no passive effects
@: mighty, corroded
A: antennae 2, magic regeneration
a: no special abilities


You were on level 4 of the Dungeon.
You visited 1 branch of the dungeon, and saw 4 of its levels.

You collected 192 gold pieces.

Inventory:

Hand Weapons
 a - a +2 dagger
 b - a +1 dagger of protection
 f - a +0 trident
 t - a +1 dagger of venom
 w - a +3 scythe of venom (weapon)
Missiles
 d - 5 poisoned darts (quivered)
 e - 3 curare-tipped darts
Armour
 c - a +0 cloak (worn)
 h - a +0 chain mail (worn)
 q - a +0 pair of boots (worn)
 u - a scarf of resistance
Wands
 v - a wand of roots (6)
Scrolls
 i - a scroll of immolation {unknown}
 j - a scroll of fear {unknown}
 l - 2 scrolls of teleportation {unknown}
 n - 3 scrolls of identify {unknown}
 o - a scroll of fog {unknown}
 p - 2 scrolls of enchant armour {unknown}
 r - a scroll of enchant weapon {unknown}
 s - a scroll of poison {unknown}
Potions
 g - a potion of curing
 k - a potion of might
 m - a potion of degeneration


   Skills:
 + Level 2.9 Fighting
 + Level 1.7 Short Blades
 + Level 3.4 Polearms
 * Level 3.2 Throwing
 + Level 1.9 Armour
 + Level 1.3 Dodging
 + Level 4.1 Stealth
 * Level 2.2 Spellcasting


You had 9 spell levels left.
You didn't know any spells.
Your spell library contained the following spells:

 Spells                   Type           Power      Damage    Failure   Level
 Leda's Liquefaction      Hex/Erth       0%         N/A       100%        4
 Lee's Rapid Deconstruct  Erth           0%         3d4*      100%        5
 Conjure Ball Lightning   Conj/Air       0%         3x3d6     100%        6
 Statue Form              Tmut/Erth      0%         N/A       100%        6
 Discord                  Hex            0%         N/A       100%        8
 Disjunction              Tloc           0%         N/A       100%        8


Dungeon Overview and Level Annotations

Branches:
Dungeon (4/15)
 Temple: D:4-7

Altars:
Cheibriados
Wu Jian


Innate Abilities, Weirdness & Mutations

You have a pair of antennae on your head.
You regenerate magic rapidly.


Message History

The jelly attacks as you move away! The jelly hits you but does no damage.
The iguana hisses menacingly.
The jelly attacks as you move away! The jelly hits you. The acid corrodes you!
You are splashed with acid!
The jelly attacks as you move away! The jelly barely misses you.
Aiming: Fastroot
Press: ? - help, Shift-Dir - straight line, f - you The roots erupt in riotous growth!
The jelly is unaffected.
You hear a shout!
The jelly hits you. The acid corrodes you!
You are splashed with acid!
Unknown command.
You hit the jelly but do no damage. The acid corrodes you!
Your hands burn!
The jelly barely misses you.
A gnoll comes into view. It is wielding a +3 spear.
Aiming: Fastroot
Press: ? - help, Shift-Dir - straight line, f - iguana
Aim: an iguana The roots erupt in riotous growth!
The jelly is unaffected.
Roots grab the iguana.
The grasping roots constrict the iguana.
You hear a shout!
The jelly hits you.
You are splashed with acid!
* * * LOW HITPOINT WARNING * * *
The grasping roots constrict the iguana.
The roots release their grip on the iguana.
It was a potion of might.
You feel very mighty all of a sudden. The jelly hits you.
* * * LOW HITPOINT WARNING * * *
The acid corrodes you!
You are splashed with acid!
* * * LOW HITPOINT WARNING * * *
Okay, then.
Okay, then.
It was a potion of degeneration.
There was something very wrong with that liquid.
You feel weakened.
You feel dopey.
You feel clumsy. The jelly hits you.
* * * LOW HITPOINT WARNING * * *
You are splashed with acid!
You die...

.. #...#.# #.##...#.# ......#.#
#....#.# #.....# #.....#
######.....######################
..........gg.glJ@...............<
######...(.######################
#####.# #... #.#.# #.#.# #.. >
### ##


You could see an iguana, a jelly and 3 gnolls.

Vanquished Creatures
  Sigmund (D:3)
  A black bear (D:3)
  A hound (D:3)
  Jessica (D:3)
  An orc wizard (D:3)
  Robin (D:3)
  A gnoll (D:1)
  An adder (D:3)
  2 worms (D:2)
  3 dart slugs
  8 orcs (D:3)
  5 endoplasms
  A giant cockroach (D:2)
  20 goblins
  10 hobgoblins
  3 quokkas
  6 ball pythons
  3 bats
  4 frilled lizards
  9 kobolds
  6 rats
88 creatures vanquished.

Notes
Turn   | Place    | Note
-------+----------+-------------------------------------------
     0 | D:1      | FlurksSlurper the Demonspawn Brigand began the quest for
                  | the Orb.
     0 | D:1      | Reached XP level 1. HP: 16/16 MP: 1/1
   121 | D:1      | Gained mutation: You regenerate magic rapidly. [demonic
                  | ancestry]
   121 | D:1      | Reached XP level 2. HP: 22/22 MP: 2/2
   144 | D:1      | Reached skill level 4 in Stealth
   526 | D:1      | Found a faded altar of an unknown god.
   540 | D:1      | Reached XP level 3. HP: 26/27 MP: 3/3
   957 | D:2      | Reached skill level 1 in Polearms
  1332 | D:2      | Reached skill level 1 in Spellcasting
  1343 | D:2      | Gained mutation: You have a pair of small antennae on your
                  | head. [demonic ancestry]
  1343 | D:2      | Reached XP level 4. HP: 31/33 MP: 5/5
  1637 | D:3      | HP: 1/34 [orc/+0 club (3)]
  1790 | D:3      | Noticed Jessica
  1805 | D:3      | Killed Jessica
  1811 | D:3      | Reached skill level 1 in Armour
  1909 | D:3      | Reached skill level 1 in Dodging
  1909 | D:3      | Gained mutation: You have a pair of antennae on your head.
                  | [demonic ancestry]
  1909 | D:3      | Reached XP level 5. HP: 37/39 MP: 6/6
  2177 | D:3      | Found an ornate altar of the Wu Jian Council.
  2332 | D:3      | Noticed Robin
  2334 | D:3      | Noticed Sigmund
  2336 | D:3      | Killed Robin
  2342 | D:3      | Killed Sigmund
  2343 | D:3      | Reached XP level 6. HP: 35/46 MP: 7/9
  2431 | D:3      | Found a snail-covered altar of Cheibriados.
  2889 | D:4      | HP: 1/46 [jelly (2)]
  2889 | D:4      | Splashed by a jelly's acid

Illustrated notes

Levels and vault maps discovered:
D:1:      scummos_arrival_forest, layout_rooms, shapermc_ecumenical_altar_venn,
          minivault_25
D:2:      kennysheep_the_goblin_king, layout_loops_cross
D:3:      layout_basic, mainiacjoe_overflow_boulevard,
          mainiacjoe_overflow_24_doors, uniq_jessica, uniq_sigmund, uniq_robin
D:4:      layout_basic, kennysheep_vampire_church

Skill      XL: |  1  2  3  4  5 |
---------------+----------------+-----
Throwing       | 2 3 |  3.2
Stealth        | 4 |  4.1
Polearms       | 1 2 3 |  3.4
Spellcasting   | 1 2 |  2.2
Armour         | 1 |  1.9
Dodging        | 1 |  1.3
Fighting       | |  2.9
Short Blades   | |  1.7

Action                     |  1- 3 |  4- 6 || total
---------------------------+-------+-------++-------
  Melee: Trident           |   141 |   146 ||   287
         Dagger            |     2 |       ||     2
         Punch             |     3 |     1 ||     4
         Halberd           |       |    14 ||    14
  Throw: Dart              |     1 |    26 ||    27
  Evoke: Wand              |       |     2 ||     2
    Use: Potion            |       |     3 ||     3
   Stab: Sleeping          |     1 |       ||     1
 Armour: Chain mail        |   109 |   144 ||   253
  Dodge: Dodged            |    47 |    80 ||   127

Table legend: (Time is in decaauts)
 A = Elapsed time spent in this place.
 B = Non-inter-level travel time spent in this place.
 C = Inter-level travel time spent in this place.
 D = Time resting spent in this place.
 E = Time spent auto-exploring this place.
 F = Levels seen in this place.
 G = Mean time per level.
                   A        B        C        D        E       F      G
               +--------+--------+--------+--------+--------+-----+--------+
         Total |   2958 |   2867 |     91 |    283 |   1710 |   4 |  739.5 |
       Dungeon |   2958 |   2867 |     91 |    283 |   1710 |   4 |  739.5 |
               +--------+--------+--------+--------+--------+-----+--------+

Top non-repeatable levels by time:
     D:3: 1264 daAuts
     D:2: 944 daAuts
     D:1: 709 daAuts
     D:4: 40 daAuts
